 Dungeon Crawl Stone Soup version 0.28-a0-925-gd5e1996cdb (webtiles) character file.

Game seed: 5512004160090920577

3588 kae the Basher (level 9, -7/67 (73) HPs)
             Began as a Demonspawn Abyssal Knight on Nov 26, 2021.
             Was an Elder of Lugonu.
             Mangled by a wight (8 damage)
             ... on level 8 of the Dungeon.
             The game lasted 00:05:48 (10466 turns).

kae the Basher (Demonspawn Abyssal Knight)         Turns: 10466, Time: 00:05:48

HP:   -7/67 (73)    AC:  7    Str: 22    XL:     9   Next: 85%
MP:   25/25         EV: 13    Int: 11    God:    Lugonu [****..]
Gold: 538           SH:  4    Dex: 15    Spells: 8/8 levels left

rFire   . . .      SeeInvis .   x - +0 dire flail
rCold   . . .      Faith    .   (shield currently unavailable)
rNeg    . . .      Spirit   .   c - +0 ring mail
rPois   .          Reflect  .   p - +2 hat
rElec   .          Harm     .   (no cloak)
rCorr   .          Rampage  .   (no gloves)
Will    .....                   (no boots)
Stlth   +.........              (no amulet)
HPRegen 0.21/turn               q - ring of magical power
MPRegen 0.19/turn               k - +6 ring of strength

@: studying Maces & Flails, drained
A: horns 2, repulsion field 1, spiny 1, condensation shield
a: Renounce Religion, Depart the Abyss, Bend Space, Banish, Corrupt


You were on level 8 of the Dungeon.
You worshipped Lugonu.
Lugonu was greatly pleased with you.
You visited 1 branch of the dungeon, and saw 8 of its levels.
You visited the Abyss 1 time.

You collected 538 gold pieces.

Inventory:

Hand Weapons
 a - a +2 mace
 x - a +0 dire flail (weapon)
Missiles
 t - 2 throwing nets
Armour
 b - a +0 leather armour
 c - a +0 ring mail (worn)
 p - a +2 hat (worn)
Jewellery
 f - a ring of wizardry
 k - a +6 ring of strength (right hand)
 m - an amulet of faith
 q - a ring of magical power (left hand)
Wands
 v - a wand of charming (6)
 y - a wand of flame (24)
Scrolls
 d - 3 scrolls of teleportation
 h - a scroll of fog
 i - 2 scrolls of noise
 u - 2 scrolls of fear
Potions
 e - 5 potions of curing
 g - 2 potions of might
 j - 3 potions of flight
 l - a potion of magic
 n - 3 potions of heal wounds
 o - a potion of cancellation
 r - 2 potions of haste {unknown}
 s - 2 potions of brilliance {unknown}
 w - 3 potions of ambrosia {unknown}
 z - 2 potions of invisibility {unknown}


   Skills:
 + Level 7.6 Fighting
 * Level 12.7 Maces & Flails
 - Level 2.3 Armour
 - Level 1.4 Dodging
 + Level 9.4 Invocations


You had 8 spell levels left.
You didn't know any spells.
Your spell library contained the following spells:

 Spells                   Type           Power      Damage    Failure   Level
 Animate Skeleton         Necr           0%         N/A       50%         1
 Apportation              Tloc           0%         N/A       50%         1
 Slow                     Hex            0%         N/A       50%         1
 Summon Small Mammal      Summ           0%         N/A       50%         1
 Call Canine Familiar     Summ           0%         N/A       86%         3
 Confusing Touch          Hex            0%         N/A       86%         3
 Dazzling Flash           Conj/Hex       0%         N/A       86%         3
 Portal Projectile        Hex/Tloc       0%         N/A       86%         3
 Summon Guardian Golem    Hex/Summ       0%         N/A       86%         3
 Vampiric Draining        Necr           0%         2d6       86%         3
 Animate Dead             Necr           0%         N/A       99%         4
 Iskenderun's Mystic Bla  Conj/Tloc      0%         2d3       99%         4
 Leda's Liquefaction      Hex/Erth       0%         N/A       99%         4
 Borgnjor's Vile Clutch   Necr/Erth      0%         N/A       100%        5
 Death Channel            Necr           0%         N/A       100%        6
 Starburst                Conj/Fire      0%         6d3       100%        6
 Orb of Destruction       Conj           0%         N/A       100%        7
 Spellforged Servitor     Conj/Summ      0%         N/A       100%        7


Dungeon Overview and Level Annotations

Branches:
Dungeon (8/15)             Temple (0/1) D:4
   Lair: D:8-11

Altars:
Dithmenos
Gozag
Nemelex Xobeh
Okawaru
The Shining One

Shops:
D:1 [   D:6 (

Annotations:
D:6 1 runed translucent door, Crazy Yiuf


Innate Abilities, Weirdness & Mutations

You have a pair of horns on your head.
You are surrounded by a mild repulsion field. (EV +2)
You are partially covered in sharp spines.
A meltable shield of frost defends you. (SH +4)


Message History

The wight hits you from afar with a +0 halberd!
You feel drained. The wight barely misses you.
There is a stone staircase leading up here.
You closely miss the wight. You headbutt the wight.
The wight is moderately damaged.
The wight barely misses you. The wight hits you but does no damage.
You hit the wight but do no damage. You headbutt the wight!
The wight is almost destroyed.
The wight hits you from afar with a +0 halberd!
You feel drained.
You barely miss the wight. You headbutt the wight.
The wight is almost destroyed.
You block the wight's attack.
You thump the wight!
You destroy the wight!
Lugonu accepts your kill. The wight completely misses you.
You are too injured to fight recklessly!
You are too injured to fight recklessly!
The wight hits you from afar with a +3 halberd of freezing!
The wight freezes you. You block the wight's attack.
You closely miss the wight.
The wight hits you from afar with a +3 halberd of freezing!
* * * LOW HITPOINT WARNING * * *
You feel drained.
* * * LOW HITPOINT WARNING * * *
The wight freezes you!
* * * LOW HITPOINT WARNING * * *
The wight hits you with a +3 halberd of freezing.
* * * LOW HITPOINT WARNING * * *
You feel drained. The wight freezes you.
* * * LOW HITPOINT WARNING * * *
The wight is struck by your spines. The wight hits you with a +0 halberd.
* * * LOW HITPOINT WARNING * * *
Okay, then.
Okay, then.
Okay, then.
Okay, then.
The wight hits you from afar with a +3 halberd of freezing!
You die...

...####.#.##............##.##.##.
#.#.............z.##..#....
..####..#.....z...###.#.##. .###
#..#.#'####........##. #.
#..#.#.# #.####.####. #
#..#.#.####.####))# #.
#...z.....#.......# #.
#######.#.#.##.#....)...##.
........z.@.............##.
#######.#<##.#.#........##. #.###
.# #......... ##########)# .
#....)..#.# .........##)##..
..#.#####.#.. .........##)##.. #.
.##.. .........##.##.. ###
.........##.##.# ... .
.........##.##.# #..######


z You could see 2 wights.

Vanquished Creatures
  A hornet (D:8)
  A steam dragon (D:6)
  2 water moccasins
  A sky beast (D:5)
  A hornet zombie (D:7)
  3 ogres
  2 black bears
  4 necrophages
  2 centaurs (D:7)
  2 phantoms (D:4)
  A kobold brigand (D:6)
  2 bullfrogs
  3 scorpions
  A wyvern zombie (D:4)
  13 wights
  A howler monkey (D:6)
  A bullfrog zombie (D:5)
  3 hounds
  A bullfrog skeleton (D:6)
  2 orc priests
  3 jellies
  4 iguanas
  A gnoll shaman (D:7)
  5 orc wizards
  A howler monkey skeleton (D:3)
  5 adders
  8 gnolls
  A shadow imp (D:6)
  An adder zombie (D:5)
  2 worms
  4 dart slugs
  17 orcs
  6 ball pythons
  8 endoplasms
  A giant cockroach (D:2)
  9 goblins
  9 hobgoblins
  4 quokkas
  4 bats
  9 frilled lizards
  10 kobolds
  4 rats
163 creatures vanquished.

Vanquished Creatures (others)
  6 plants (D:6)
6 creatures vanquished.

Grand Total: 169 creatures vanquished

Notes
Turn   | Place    | Note
-------+----------+-------------------------------------------
     0 | Abyss:1  | kae the Demonspawn Abyssal Knight began the quest for the
                  | Orb.
     0 | Abyss:1  | Reached XP level 1. HP: 18/18 MP: 2/2
    42 | D:1      | Escaped the Abyss
   148 | D:1      | Found Qimeol's Armour Shoppe.
   241 | D:1      | Reached skill level 2 in Maces & Flails
   241 | D:1      | Reached skill level 1 in Dodging
   400 | D:1      | Gained mutation: You have a pair of small horns on your
                  | head. [demonic ancestry]
   400 | D:1      | Reached XP level 2. HP: 21/24 MP: 3/3
   458 | D:1      | Found a faded altar of an unknown god.
   484 | D:1      | You fall into a shaft and drop 1 floor!
   887 | D:1      | Reached XP level 3. HP: 29/29 MP: 5/5
  1160 | D:2      | Reached ** piety under Lugonu
  1875 | D:3      | Identified a scroll of acquirement
  1875 | D:3      | Acquired a manual of Maces & Flails
  2438 | D:3      | Reached XP level 4. HP: 32/35 MP: 6/6
  2462 | D:3      | Found a sparkling altar of Nemelex Xobeh.
  2469 | D:3      | Reached skill level 3 in Maces & Flails
  2633 | D:3      | HP: 1/35 [orc priest (1)]
  3727 | D:4      | Noticed a phantom
  3735 | D:4      | Killed a phantom
  3736 | D:4      | Reached skill level 4 in Maces & Flails
  3736 | D:4      | Gained mutation: You are surrounded by a mild repulsion
                  | field. (EV +2) [demonic ancestry]
  3736 | D:4      | Reached XP level 5. HP: 27/42 MP: 6/8
  4230 | D:4      | Found a staircase to the Ecumenical Temple.
  4285 | D:4      | Reached skill level 5 in Maces & Flails
  4285 | D:4      | Gained mutation: A meltable shield of frost defends you.
                  | (SH +4) [demonic ancestry]
  4285 | D:4      | Reached XP level 6. HP: 48/48 MP: 9/9
  4682 | D:4      | Reached skill level 6 in Maces & Flails
  4682 | D:4      | Reached skill level 5 in Invocations
  4872 | D:4      | Gained mutation: You are partially covered in sharp spines.
                  | [demonic ancestry]
  4872 | D:4      | Reached XP level 7. HP: 51/55 MP: 10/10
  4921 | D:5      | Entered Level 5 of the Dungeon
  5211 | D:5      | Reached skill level 7 in Maces & Flails
  5350 | D:5      | Reached skill level 5 in Fighting
  5396 | D:5      | Reached skill level 8 in Maces & Flails
  5451 | D:5      | Gained mutation: You have a pair of horns on your head.
                  | [demonic ancestry]
  5451 | D:5      | Reached XP level 8. HP: 37/63 MP: 12/12
  5635 | D:5      | Found an iron altar of Okawaru.
  6471 | D:6      | Reached skill level 9 in Maces & Flails
  6475 | D:6      | Reached *** piety under Lugonu
  6888 | D:6      | Reached skill level 10 in Maces & Flails
  6944 | D:6      | Found a runed translucent door.
  6945 | D:6      | Noticed Crazy Yiuf
  7364 | D:6      | Found Qadisenk's Weapon Boutique.
  7689 | D:6      | Reached XP level 9. HP: 68/71 MP: 14/14
  8535 | D:7      | Reached skill level 11 in Maces & Flails
  8852 | D:7      | Found a shadowy altar of Dithmenos.
  9728 | D:8      | Reached skill level 12 in Maces & Flails
  9808 | D:8      | Reached **** piety under Lugonu
  9918 | D:8      | Found an opulent altar of Gozag.
 10465 | D:8      | HP: 1/67 [wight (5)]
 10466 | D:8      | Mangled by a wight

Illustrated notes

Levels and vault maps discovered:
D:1:      lightli_arrival_statue_moat, layout_loops_ring,
          hellmonk_ecumenical_altar_arch_garden, serial_shops,
          nicolae_shop_hallway_stairs, hangedman_decor_points
D:2:      layout_basic, corexii_leaking_fountain, grunt_ministairs_4,
          nicolae_figureground_pulse
D:3:      layout_loops_ring, gammafunk_temple_overflow_pools
D:4:      layout_loops_corners, minmay_temple_entry_offerings
D:5:      layout_basic, okawaru_trees_1
D:6:      layout_basic, serial_shops, nicolae_shop_bloodbath_and_beyond,
          minmay_lizard_king, uniq_crazy_yiuf_cottage
D:7:      layout_loops_corners, grunt_dithmenos_smoke
D:8:      layout_basic, grunt_gozag_breadcrumbs

Skill      XL: |  1  2  3  4  5  6  7  8  9 |
---------------+----------------------------+-----
Maces & Flails | 2 4 5 6 8 10 12 | 12.7
Dodging        | 1 |  1.4
Armour         | 2 |  2.3
Invocations    | 3 4 5 6 7 9 |  9.4
Fighting       | 4 5 6 7 |  7.6

Action                   |  1- 3 |  4- 6 |  7- 9 || total
-------------------------+-------+-------+-------++-------
Melee: Mace              |   116 |   109 |   220 ||   445
       Headbutt          |    12 |    21 |    70 ||   103
       Dire flail        |       |       |    60 ||    60
Invok: Bend Space        |       |     1 |       ||     1
  Use: Scroll            |     7 |     1 |     6 ||    14
       Potion            |       |     1 |       ||     1
Armor: Ring mail         |    41 |    29 |    52 ||   122
Dodge: Dodged            |    72 |    63 |   149 ||   284
Block: Other             |       |     8 |    47 ||    55

Table legend: (Time is in decaauts)
 A = Elapsed time spent in this place.
 B = Non-inter-level travel time spent in this place.
 C = Inter-level travel time spent in this place.
 D = Time resting spent in this place.
 E = Time spent auto-exploring this place.
 F = Levels seen in this place.
 G = Mean time per level.
                   A        B        C        D        E       F      G
               +--------+--------+--------+--------+--------+-----+--------+
         Total |  10484 |  10286 |    198 |   1011 |   7996 |   9 | 1164.9 |
       Dungeon |  10442 |  10244 |    198 |   1011 |   7983 |   8 | 1305.2 |
         Abyss |     42 |     42 |      0 |      0 |     13 |   1 |   42.0 |
               +--------+--------+--------+--------+--------+-----+--------+

Top non-repeatable levels by time:
     D:6: 1934 daAuts
     D:7: 1471 daAuts
     D:5: 1436 daAuts
     D:4: 1389 daAuts
     D:1: 1386 daAuts
     D:3: 1126 daAuts
     D:2: 1029 daAuts
     D:8: 666 daAuts
 Abyss:1: 42 daAuts
